 Dungeon Crawl Stone Soup version 0.29.1-13-g9f3cf754e1 (webtiles) character file.

Game seed: 6828852474724020570

13714 y3s the Thrower (level 12, -1/96 HPs)
             Began as a Human Cinder Acolyte on Feb 2, 2023.
             Was a High Priest of Ignis.
             Slain by a skeletal warrior
             ... wielding a +0 dire flail
              (20 damage)
             ... on level 10 of the Dungeon on Feb 3, 2023.
             The game lasted 01:03:14 (18082 turns).

y3s the Thrower (Human Cinder Acolyte)             Turns: 18082, Time: 01:03:15

Health: -1/96      AC:  9    Str: 16    XL:     12   Next: 36%
Magic:  13/13      EV: 11    Int: 14    God:    Ignis [*****.]
Gold:   821        SH:  0    Dex: 17    Spells: 10/13 levels left

rFire   + + .      SeeInvis .   t - +3 trident (vorpal)
rCold   + . .      Faith    .   (no shield)
rNeg    + . .      Spirit   .   L - +0 troll leather armour
rPois   +          Reflect  .   o - +0 helmet
rElec   .          Harm     .   F - +0 cloak
rCorr   .          Rampage  .   u - +2 pair of gloves
Will    .....                   (no boots)
Stlth   +.........              g - amulet of the acrobat
HPRegen 1.06/turn               n - ring "Zuha" {rPois rF+ rC+ rN+ Dex+4}
MPRegen 0.13/turn               O - +4 ring of slaying

@: studying Hexes
A: no striking features
a: Renounce Religion, Fiery Armour, Foxfire Swarm, Rising Flame


You were on level 10 of the Dungeon.
You worshipped Ignis.
Ignis was extremely pleased with you.
You visited 1 branch of the dungeon, and saw 11 of its levels.
You also visited: Sewer.

You collected 821 gold pieces.

Inventory:

Hand Weapons
 a - a -1 spear of flaming
 r - a +0 spear
 t - a +3 vorpal trident (weapon)
 H - a +7 spear
 R - a +1 trident of flaming
Missiles
 e - 9 poisoned darts (quivered)
 v - 4 atropa-tipped darts
Armour
 h - a +0 ring mail
 o - a +0 helmet (worn)
 u - a +2 pair of gloves (worn)
 F - a +0 cloak (worn)
 L - a +0 troll leather armour (worn)
Jewellery
 g - an amulet of the acrobat (around neck)
 i - a ring of see invisible
 n - the ring "Zuha" (left hand) {rPois rF+ rC+ rN+ Dex+4}
   (You acquired it on level 5 of the Dungeon)

   [ring of poison resistance]

   Dex:       It affects your dexterity (+4).
   rF:        It protects you from fire.
   rC:        It protects you from cold.
   rPois:     It protects you from poison.
   rN:        It protects you from negative energy.
 w - an amulet of reflection
 C - a ring of willpower
 D - a ring of resist corrosion
 K - an amulet of magic regeneration
 N - the ring of the Tortoise {AC+8}
   (You found it on level 10 of the Dungeon)

   [ring of protection]

   AC:        It affects your AC (+8).
 O - a +4 ring of slaying (right hand)
Wands
 b - a wand of mindburst (11)
 s - a wand of paralysis (11)
 B - a wand of flame (20)
 G - a wand of iceblast (17)
Scrolls
 f - 4 scrolls of teleportation
 m - a scroll of silence
 p - 3 scrolls of identify
 q - 6 scrolls of immolation
 M - a scroll of magic mapping {unknown}
 P - a scroll of blinking
Potions
 c - a potion of cancellation
 d - 3 potions of heal wounds
 j - 5 potions of invisibility
 k - 5 potions of lignification
 l - 2 potions of flight
 x - a potion of resistance {unknown}
 z - a potion of mutation
 A - a potion of attraction
 E - a potion of haste {unknown}
 I - a potion of ambrosia {unknown}
 J - 2 potions of brilliance
 Q - a potion of curing


   Skills:
 + Level 9.4 Fighting
 - Level 12.0 Polearms
 * Level 12.4 Throwing
 - Level 1.0 Spellcasting
 - Level 3.0 Fire Magic


You had 10 spell levels left.
You knew the following spells:

 Your Spells              Type           Power      Damage    Failure   Level
a - Scorch                Fire           18%        2d6       14%         2
b - Necrotise             Necr           0%         1d4       32%         1

Your spell library contained the following spells:

 Spells                   Type           Power      Damage    Failure   Level
 Ensorcelled Hibernation  Hex/Ice        0%         N/A       43%         2
 Gell's Gravitas          Tloc           0%         N/A       67%         3
 Portal Projectile        Hex/Tloc       0%         N/A       67%         3
 Spider Form              Tmut/Pois      0%         N/A       67%         3
 Summon Guardian Golem    Hex/Summ       0%         N/A       67%         3
 Teleport Other           Tloc           0%         N/A       67%         3
 Tukima's Dance           Hex            0%         N/A       67%         3
 Vampiric Draining        Necr           0%         2d6       67%         3
 Anguish                  Hex/Necr       0%         N/A       97%         4
 Agony                    Necr           0%         N/A       100%        5
 Blade Hands              Tmut           0%         N/A       100%        5
 Dispersal                Tloc           0%         N/A       100%        6
 Orb of Destruction       Conj           0%         9d5       100%        7
 Spellforged Servitor     Conj/Summ      0%         N/A       100%        7


Dungeon Overview and Level Annotations

Branches:
Dungeon (11/15)            Temple (0/1) D:4            Lair (0/5) D:9
  Sewer (visited)
    Orc: D:9-12

Altars:
Elyvilon
Okawaru
Qazlal
Ru
Uskayaw
Wu Jian
Xom
Yredelemnul
The Shining One

Shops:
D:6 :   D:8 =(


Message History

The skeletal warrior hits you but does no damage.
Throw: 10 darts (poison)
Press: ? - help, Q - select action, (/) - cycle Shift-Dir - straight line, f/p - skeletal warrior
Aim: a skeletal warrior, wielding a +0 halberd (almost destroyed, 73% to hit)
You throw a poisoned dart.
The poisoned dart hits the skeletal warrior.
The skeletal warrior is almost destroyed.
Reach: t) +3 trident (vorpal)
Press: ? - help, Dir - move target, f/p - skeletal warrior
Aim: a skeletal warrior, wielding a +0 halberd (almost destroyed, about 26% to evade your +3 vorpal trident)
You reach to attack!
You puncture the skeletal warrior!
You destroy the skeletal warrior!
Reach: t) +3 trident (vorpal)
Press: ? - help, Dir - move target, f - skeletal warrior
Aim: a skeletal warrior, wielding a +0 dire flail (moderately damaged, about 26% to evade your +3 vorpal trident)
You reach to attack!
You hit the skeletal warrior but do no damage.
The skeletal warrior is moderately damaged.
Reach: t) +3 trident (vorpal)
Press: ? - help, Dir - move target, f/p - skeletal warrior
Aim: a skeletal warrior, wielding a +0 dire flail (moderately damaged, about 26% to evade your +3 vorpal trident)
You reach to attack!
You hit the skeletal warrior but do no damage.
The skeletal warrior is moderately damaged.
The skeletal warrior hits you with a +0 dire flail!
You climb upwards.
There is a stone staircase leading down here.
You puncture the skeletal warrior!
The skeletal warrior is heavily damaged.
The skeletal warrior hits you with a +0 dire flail.
You hit the skeletal warrior.
The skeletal warrior is heavily damaged.
You hit the skeletal warrior.
The skeletal warrior is heavily damaged.
The skeletal warrior hits you with a +0 dire flail!!
* * * LOW HITPOINT WARNING * * *
You barely miss the skeletal warrior.
The skeletal warrior is heavily damaged.
The skeletal warrior hits you with a +0 dire flail!!
You die...

............#
............########
...................#
..................)#
...................#
.........##'#'#....#
#'#####..#....#....#
......#..#....#.z..#
......#..#....#.@..#
......#..#....#....#
......'..#....#....#
......#..######....#
......#............#
......#............#
#######............#
#............#######
.............#


You could see a skeletal warrior.

Vanquished Creatures
  3 two-headed ogres (D:10)
  The ghost of tehphobia the Reanimator, a novice DsNe of Yredelemnul (D:8)
  2 skeletal warriors (D:11)
  An orange crystal statue (D:10)
  An ugly thing (D:11)
  3 trolls
  4 slime creatures (D:10)
  A shadow (D:10)
  A water elemental (D:11)
  2 wyverns
  14 yaks
  Menkaure (D:7)
  A steam dragon (D:9)
  3 wargs (D:9)
  2 acid dragons
  3 water moccasins
  2 sky beasts (D:6)
  3 black bears
  2 orc warriors
  2 phantoms
  9 centaurs
  4 kobold brigands
  3 bullfrogs
  A necrophage (D:7)
  A gnoll sergeant (D:11)
  5 scorpions
  11 wights
  8 killer bees
  2 howler monkeys
  5 electric eels
  A centaur zombie (D:8)
  2 gnoll boudas
  A hound (D:6)
  A jelly (D:7)
  6 orc priests
  2 iguanas
  2 orc wizards
  A killer bee zombie (D:8)
  16 gnolls
  11 adders
  2 river rats (Sewer)
  2 shadow imps
  2 white imps
  3 dart slugs
  A worm (D:3)
  23 orcs
  6 bats
  9 endoplasms
  2 giant cockroaches (D:4)
  6 goblins
  2 hobgoblins (D:2)
  7 jackals (D:2)
  7 ball pythons
  3 frilled lizards
  17 kobolds
  13 rats
249 creatures vanquished.

Vanquished Creatures (others)
  3 plants
3 creatures vanquished.

Grand Total: 252 creatures vanquished

Notes
Turn   | Place    | Note
-------+----------+-------------------------------------------
     0 | D:1      | y3s the Human Cinder Acolyte began the quest for the Orb.
     0 | D:1      | Reached XP level 1. HP: 18/18 MP: 2/2
   334 | D:1      | Reached XP level 2. HP: 24/24 MP: 3/3
   337 | D:1      | Learned a level 2 spell: Scorch
  1069 | D:1      | HP: 1/24 [dart slug/slug dart (4)]
  1071 | D:1      | Reached XP level 3. HP: 1/29 MP: 4/4
  2455 | D:2      | Noticed a scorpion
  2471 | D:2      | Killed a scorpion
  2472 | D:2      | Reached skill level 5 in Polearms
  2472 | D:2      | Reached XP level 4. HP: 28/35 MP: 5/5
  2472 | D:2      | Reached XP level 5. HP: 32/41 MP: 6/6
  4282 | D:4      | Found a staircase to the Ecumenical Temple.
  4293 | D:4      | Reached XP level 6. HP: 44/47 MP: 7/7
  4389 | D:4      | Noticed a black bear
  4530 | D:5      | Entered Level 5 of the Dungeon
  4556 | D:5      | Identified a scroll of acquirement
  4556 | D:5      | Acquired the ring "Zuha" {rPois rF+ rC+ rN+ Dex+4}
  4772 | D:5      | Found a white marble altar of Elyvilon.
  4815 | D:3      | Killed a black bear
  4816 | D:3      | Reached XP level 7. HP: 38/52 MP: 8/8
  4941 | D:5      | Found a sacrificial altar of Ru.
  5038 | D:5      | Found a glowing drain.
  5047 | Sewer    | Entered a sewer
  5536 | Sewer    | HP: 2/52 [river rat (6)]
  5926 | D:5      | Reached XP level 8. HP: 43/58 MP: 9/9
  7577 | D:6      | Reached skill level 10 in Polearms
  8324 | D:6      | Found Cass's Book Shoppe.
  8457 | D:6      | Noticed a yak
  8457 | D:6      | Noticed a yak
  8457 | D:6      | Noticed a yak
  8457 | D:6      | Noticed a yak
  8470 | D:6      | Noticed a wraith
  8523 | D:5      | Killed a yak
  8524 | D:5      | Reached XP level 9. HP: 38/63 MP: 10/10
  9315 | D:6      | Found a glowing golden altar of the Shining One.
  9364 | D:7      | Found a stormy altar of Qazlal.
  9756 | D:7      | Reached skill level 1 in Throwing
  9999 | D:7      | Found a shimmering altar of Xom.
 10368 | D:7      | Noticed Menkaure
 10702 | D:7      | Killed Menkaure
 11262 | D:8      | Reached XP level 10. HP: 66/73 MP: 11/11
 11286 | D:8      | Reached skill level 5 in Throwing
 11298 | D:8      | Reached skill level 5 in Fighting
 11439 | D:8      | Found a runed translucent gate.
 11439 | D:8      | Found a runed translucent gate.
 11439 | D:8      | Found a runed translucent gate.
 11439 | D:8      | Noticed tehphobia's ghost (novice DsNe)
 11441 | D:8      | Found a basalt altar of Yredelemnul.
 12272 | D:8      | Found Alulutib's Weapon Boutique.
 12273 | D:8      | Found Roigrul's Jewellery Shoppe.
 12709 | D:8      | Killed tehphobia's ghost
 13340 | D:8      | Learned a level 1 spell: Necrotise
 13378 | D:9      | Reached XP level 11. HP: 83/83 MP: 12/12
 14635 | D:9      | Found a staircase to the Lair.
 15151 | D:9      | Reached skill level 10 in Throwing
 15454 | D:10     | Entered Level 10 of the Dungeon
 15454 | D:10     | Noticed a two-headed ogre
 15469 | D:10     | Killed a two-headed ogre
 15976 | D:10     | Found an ornate altar of the Wu Jian Council.
 16146 | D:10     | Noticed a two-headed ogre
 16338 | D:10     | Found a hide-covered altar of Uskayaw.
 16345 | D:10     | Found an iron altar of Okawaru.
 16369 | D:10     | Found the ring of the Tortoise {AC+8}
 16370 | D:10     | Noticed an orange crystal statue
 16522 | D:10     | Killed a two-headed ogre
 16812 | D:10     | Noticed a two-headed ogre
 17074 | D:10     | Killed a two-headed ogre
 17075 | D:10     | Reached XP level 12. HP: 27/94 MP: 13/13
 17400 | D:11     | Acquired a manual of Hexes
 17636 | D:11     | Noticed a skeletal warrior
 17940 | D:11     | Noticed a skeletal warrior
 17943 | D:11     | Noticed a skeletal warrior
 18022 | D:11     | Killed a skeletal warrior
 18074 | D:11     | Killed a skeletal warrior
 18082 | D:10     | Slain by a skeletal warrior

Illustrated notes

Levels and vault maps discovered:
D:1:      zaba_arrival_water, layout_basic, serial_bayou_ford_a
D:2:      layout_basic, kennysheep_another_room
D:3:      layout_basic, st_stairs_14
D:4:      layout_cave_pods, minmay_temple_entry_offerings
D:5:      layout_cave_pools, mainiacjoe_overflow_catwalk_spiral,
          portal_sewer_entry_d, minmay_liquid_box
D:6:      layout_loops_corners, tso_altar, serial_shops, nicolae_lakefront_shop
D:7:      layout_cave_pools, nicolae_qazlal_style_of_elements,
          mainiacjoe_overflow_small_starburst, enter_bailey_5,
          serial_co_window_serial, co_window_corner_a, co_window_corner_a,
          co_window_paths_a, co_window_paths_b, co_window_of_opportunity_a,
          co_window_paths_a, co_window_corner_a, co_window_2corner,
          co_window_cross_3, co_window_of_opportunity_c, co_window_broadway_a,
          co_window_corner_b, glass_columns_a, glass_columns_a, glass_columns_a,
          glass_columns_a, glass_columns_a, uniq_menkaure
D:8:      layout_gridville, nicolae_yredelemnul_ghost_church,
          nicolae_wooded_promenade
D:9:      layout_roguey, erik_lair_orcish_takeover, kennysheep_potato
D:10:     minmay_statue_hallways, layout_irregular_city,
          grunt_temple_overflow_open, kennysheep_little_box
D:11:     layout_basic, kennysheep_nub

Skill      XL: |  1  2  3  4  5  6  7  8  9 10 11 12 |
---------------+-------------------------------------+-----
Polearms       | 4 5 6 7 8 10 12 | 12.0
Throwing       | 4 8 11 12 | 12.4
Fighting       | 4 6 8 9 |  9.4
Spellcasting   | |  1.0
Fire Magic     | |  3.0

Action                   |  1- 3 |  4- 6 |  7- 9 | 10-12 || total
-------------------------+-------+-------+-------+-------++-------
Melee: Spear             |   201 |   193 |   574 |   634 ||  1602
       Punch             |       |     1 |     3 |    13 ||    17
       Trident           |       |       |       |     7 ||     7
Throw: Dart              |     2 |       |    41 |    16 ||    59
       Boomerang         |       |       |       |   126 ||   126
 Cast: Scorch            |     1 |       |     3 |     1 ||     5
Evoke: Wand              |       |       |       |     2 ||     2
  Use: Scroll            |     4 |     4 |    10 |     6 ||    24
       Potion            |     3 |       |     5 |     5 ||    13
 Stab: Distracted        |       |       |       |     1 ||     1
Armor: Robe              |    32 |       |       |       ||    32
       Ring mail         |    15 |    82 |   132 |    85 ||   314
       Troll leather arm |       |       |       |    63 ||    63
Dodge: Dodged            |    86 |   104 |   232 |   482 ||   904
